 Dungeon Crawl Stone Soup version 0.23.1-37-gaa34b87 (webtiles) character file.

Game seed: 3120313487868224586

12831 myga the Unseen (level 11, -11/46 HPs)
             Began as a Spriggan Enchanter on Mar 22, 2019.
             Was a Priest of Hepliaklqana.
             Killed from afar by an ice statue (27 damage)
             ... with a shard of ice
             ... in an ice cave on Mar 23, 2019.
             The game lasted 01:37:02 (11405 turns).

myga the Unseen (Spriggan Enchanter)               Turns: 11405, Time: 01:37:03

Health: -11/46     AC:  8    Str:  7    XL:     11   Next: 67%
Magic:  10/25      EV: 32    Int: 22    God:    Hepliaklqana [***...]
Gold:   695        SH:  0    Dex: 22    Spells: 3/29 levels left

rFire    . . .     SeeInvis +   D - +1 short sword (vamp)
rCold    . . .     Gourm    .   (shield restricted)
rNeg     + . .     Faith    .   H - +1 robe {rN+}
rPois    .         Spirit   .   (helmet restricted)
rElec    .         Reflect  .   K - +0 cloak
rCorr    .         Harm     .   (gloves unavailable)
MR       +....                  (boots unavailable)
Stlth    +++++++...             (no amulet)
HPRegen  0.15/turn              L - +5 ring of intelligence
MPRegen  0.19/turn              k - +4 ring of protection

@: agile, very quick
A: very small, unfitting armour, reduced essence, see invisible, herbivore,
speed 3, slow metabolism 2
a: Recall Ancestor, Ancestor Identity, Transference, Renounce Religion


You were in an ice cave.
You worshipped Hepliaklqana.
Hepliaklqana was most pleased with you.
You were not hungry.

You visited 3 branches of the dungeon, and saw 12 of its levels.
You also visited: Sewer and Ice Cave.

You collected 695 gold pieces.

Inventory:

Hand Weapons
 a - a +1 dagger
 w - a +5 eveningstar
 D - a +1 vampiric short sword (weapon)
Missiles
 E - 76 arrows
 J - 93 stones (quivered)
Armour
 m - a +1 robe
 u - a +0 robe
 H - a +1 robe of positive energy (worn)
 K - a +0 cloak (worn)
Magical Staves
 F - an uncursed staff of summoning {unknown}
Jewellery
 c - an uncursed ring of magical power
 h - a +2 ring of dexterity
 j - an uncursed ring of protection from fire
 k - a +4 ring of protection (right hand)
 L - a +5 ring of intelligence (left hand)
Wands
 o - a wand of enslavement (1)
 q - a wand of iceblast (7)
 x - a wand of random effects (28)
 y - a wand of paralysis (13)
Scrolls
 i - 8 scrolls of teleportation
 l - a scroll of fear
 n - a scroll of remove curse
 v - 2 scrolls of amnesia
 A - a scroll of magic mapping
 C - a scroll of enchant armour
 G - a scroll of brand weapon
Potions
 e - a potion of flight
 f - 3 potions of curing
 g - 5 potions of haste
 p - a potion of magic
 s - a potion of mutation
 t - 2 potions of lignification
 z - a potion of cancellation
 B - a potion of resistance
Miscellaneous
 I - a phial of floods
Comestibles
 d - 7 rations


   Skills:
 + Level 3.4 Fighting
 + Level 7.7 Short Blades
 + Level 9.2 Dodging
 + Level 15.4 Stealth
 + Level 9.9 Spellcasting
 + Level 1.6 Conjurations
 + Level 8.4 Hexes
 + Level 3.8 Ice Magic
 + Level 0.8 Earth Magic
 + Level 0.2 Poison Magic
 + Level 4.2 Evocations


You had 3 spell levels left.
You knew the following spells:

 Your Spells              Type           Power        Failure   Level  Hunger
a - Corona                Hex            #####..      1%          1    None
b - Ensorcelled Hibernat  Hex/Ice        #####.       1%          2    None
c - Confuse               Hex            #####...     1%          3    None
d - Tukima's Dance        Hex            #####...     1%          3    None
e - Dazzling Spray        Conj/Hex       ####..       2%          3    None
f - Passwall              Tmut/Erth      ##......     8%          2    None
g - Sandblast             Erth           ##....       4%          1    None
h - Stone Arrow           Conj/Erth      ###...       11%         3    None
i - Conjure Flame         Conj/Fire      ##......     13%         3    None
j - Poisonous Vapours     Pois/Air       ##....       9%          2    None
k - Mephitic Cloud        Conj/Pois/Air  ##......     14%         3    None

Your spell library contained the following spells:

 Spells                   Type           Power        Failure   Level  Hunger
 Petrify                  Tmut/Erth      ##......     45%         4    ##.....
 Lee's Rapid Deconstruct  Erth           ##........   77%         5    ####...
 Freezing Cloud           Conj/Ice/Air   ###.......   99%         6    ######.
 Ring of Flames           Chrm/Fire      ##........   100%        7    #######


Dungeon Overview and Level Annotations

Branches:
Dungeon (10/15)            Temple (1/1) D:6            Lair (1/6) D:10
    Orc: D:9-12

Altars:
Ashenzari
Cheibriados
Dithmenos
Elyvilon
Fedhas
Gozag
Hepliaklqana
Kikubaaqudgha
Makhleb
Nemelex Xobeh
Okawaru
Qazlal
Ru
Sif Muna
Trog
Uskayaw
Vehumet
Wu Jian
Xom
Yredelemnul
Zin
The Shining One

Shops:
D:10 ?

Annotations:
D:3 1 runed translucent door IceCv 1 transporter, exclusion: 2 ice statues


Innate Abilities, Weirdness & Mutations

You are very small and have problems with some larger weapons.
You are too small for most types of armour.
You have supernaturally acute eyesight. (SInv)
You are a herbivore.
You cover ground extremely quickly.
You need to consume almost no food.
Your life essence is reduced to manifest your ancestor. (-10% HP)


Message History

The ice statue gestures at you. The freezing blast misses you.
The ice statue gestures.
Casting: Dazzling Spray (safe; 2% risk of failure)
Confirm with . or Enter, or press ? or * to list all spells.
Aiming: Dazzling Spray (safe; 2% risk of failure)
Press: ? - help, Shift-Dir - straight line, f/p - ice beast
Aim: an ice beast (freezing vapour, summoned)
The spray of energy misses the ice beast.
The spray of energy hits the ice statue.
The ice statue is lightly damaged.
The spray of energy hits the ice statue but does no damage.
The ice statue is lightly damaged.
You are engulfed in freezing vapours.
The ice beast completely misses you.
The ice statue gestures. x2
You are engulfed in freezing vapours.
The ice statue gestures at you. The shard of ice hits you!!
Ouch! That really hurt!
You die...

##...$©%...##
#...8.[.8...#
##..../.$....##
#.....Y[......#
#....8...8....#
#.....○°°.....#
#...Y°Y°.Y..##
#....○○○....#
#.....@.○...#
##.........##
##...∩...##
##.....##
#######


You could see 2 ice statues and 4 ice beasts.

Vanquished Creatures
  Erolcha (D:10)
  2 two-headed ogres
  Erica (D:10)
  Urug (D:10)
  Pikel (D:3)
  An ugly thing (IceCv)
  A gargoyle (D:10)
  2 trolls
  2 hornets (D:9)
  2 hippogriffs
  9 yaks (Lair:1)
  A wyvern (D:8)
  A hungry ghost (D:10)
  A basilisk (Lair:1)
  A soldier ant (D:9)
  2 water moccasins
  Purgy (Sewer)
  6 ice beasts
  A sky beast (D:7)
  3 orc warriors
  3 phantoms
  2 necrophages
  7 wolves
  4 centaurs
  2 big kobolds (D:7)
  2 bullfrogs
  A wyvern zombie (D:8)
  A gnoll sergeant (D:7)
  2 scorpions
  A water moccasin skeleton (D:5)
  2 electric eels (D:10)
  5 wights
  2 howler monkeys
  5 crimson imps
  A quasit (D:9)
  3 jellies
  A centaur skeleton (D:9)
  11 hounds
  4 orc priests
  4 orc wizards
  A gnoll shaman (D:7)
  A bullfrog skeleton (D:5)
  2 iguanas
  Terence (D:2)
  A hexer (Lair:1)
  5 worker ants
  A killer bee zombie (D:9)
  2 hound skeletons
  A worker ant zombie (D:5)
  8 gnolls
  14 adders
  3 shadow imps
  2 oozes
  An adder zombie (D:8)
  An adder skeleton (D:4)
  5 worms
  8 leopard geckos
  27 orcs
  4 ball pythons
  8 giant cockroaches
  9 goblins
  7 hobgoblins
  21 jackals
  13 kobolds
  2 quokkas
  7 bats
  3 frilled lizards
  2 leopard gecko skeletons
  A quokka skeleton (D:4)
  A quokka zombie (D:6)
  11 rats
  2 butterflies (D:6)
278 creatures vanquished.

Vanquished Creatures (collateral kills)
  Grum (D:10)
  A sky beast (D:8)
  An ogre (D:7)
  A wolf (D:10)
  2 bullfrogs
  2 wights
  2 hounds
  A bullfrog skeleton (D:7)
  3 gnolls (D:7)
  A shadow imp (D:7)
  A leopard gecko (D:7)
  An orc (D:10)
  3 hobgoblins (D:7)
  A kobold (D:7)
  A jackal zombie (D:7)
  A plant (D:7)
23 creatures vanquished.

Vanquished Creatures (others)
  2 dancing weapons
  Edmund (D:4)
  A slave (D:4)
  A wolf (D:10)
  An orc priest (D:4)
  4 hexers
  4 ancestors
  An orc (D:4)
  A kobold (D:7)
16 creatures vanquished.

Grand Total: 317 creatures vanquished

Notes
Turn   | Place    | Note
-------+----------+-------------------------------------------
     0 | D:1      | myga the Spriggan Enchanter began the quest for the Orb.
     0 | D:1      | Reached XP level 1. HP: 9/9 MP: 5/5
   219 | D:1      | Reached XP level 2. HP: 13/13 MP: 6/6
   239 | D:1      | Learned a level 2 spell: Ensorcelled Hibernation
   892 | D:2      | Reached skill level 5 in Stealth
   916 | D:2      | Reached XP level 3. HP: 11/16 MP: 8/8
  1032 | D:2      | Noticed Terence
  1038 | D:2      | Killed Terence
  1038 | D:2      | Reached XP level 4. HP: 15/21 MP: 9/9
  1192 | D:2      | Reached skill level 6 in Stealth
  1322 | D:2      | Learned a level 3 spell: Confuse
  1577 | D:2      | Found a shadowy altar of Dithmenos.
  1632 | D:2      | Reached XP level 5. HP: 22/24 MP: 10/10
  1730 | D:2      | Learned a level 3 spell: Tukima's Dance
  2241 | D:3      | Reached skill level 1 in Ice Magic
  2355 | D:3      | Found a runed translucent door.
  2355 | D:3      | Noticed an angel
  2356 | D:3      | Found a glowing silver altar of Zin.
  2620 | D:3      | Reached skill level 7 in Stealth
  2623 | D:3      | Found a glowing silver altar of Zin.
  2924 | D:4      | Found a glowing drain.
  2936 | Sewer    | Entered a sewer
  3041 | Sewer    | Noticed Purgy
  3043 | Sewer    | Killed Purgy
  3043 | Sewer    | Reached XP level 6. HP: 29/29 MP: 12/12
  3164 | D:4      | Learned a level 3 spell: Dazzling Spray
  3300 | D:4      | Noticed Pikel
  3305 | D:4      | Noticed a slave
  3307 | D:4      | Noticed a slave
  3307 | D:4      | Noticed a slave
  3308 | D:4      | Noticed a slave
  3308 | D:4      | Noticed Edmund
  3322 | D:3      | Killed Pikel
  3322 | D:3      | Reached skill level 5 in Dodging
  3322 | D:3      | Reached skill level 9 in Stealth
  3322 | D:3      | Reached XP level 7. HP: 32/32 MP: 12/14
  3369 | D:4      | Killed Edmund
  3380 | D:4      | Reached skill level 1 in Fighting
  3380 | D:4      | Reached skill level 10 in Stealth
  3380 | D:4      | Reached XP level 8. HP: 24/37 MP: 2/16
  3522 | D:4      | Noticed a moth of wrath
  3524 | D:4      | Found a bloodstained altar of Trog.
  3727 | D:5      | Entered Level 5 of the Dungeon
  3786 | D:5      | Reached skill level 5 in Hexes
  4285 | D:5      | Reached skill level 5 in Spellcasting
  5020 | D:6      | Found a snail-covered altar of Cheibriados.
  5021 | D:6      | Found a basalt altar of Yredelemnul.
  5059 | D:6      | Found a shimmering altar of Xom.
  5121 | D:6      | Found a radiant altar of Vehumet.
  5684 | D:6      | Found a burning altar of Makhleb.
  5839 | D:6      | Found a staircase to the Ecumenical Temple.
  5850 | Temple   | Entered the Ecumenical Temple
  5884 | Temple   | Became a worshipper of Hepliaklqana the Forgotten
  6476 | D:7      | Found a radiant altar of Vehumet.
  6526 | D:7      | Reached skill level 11 in Stealth
  6644 | D:7      | Reached skill level 1 in Evocations
  6723 | D:7      | Noticed a hippogriff
  6730 | D:7      | Reached skill level 5 in Short Blades
  6829 | D:7      | Reached XP level 9. HP: 11/36 MP: 18/18
  7442 | D:7      | Reached * piety under Hepliaklqana
  8090 | D:7      | Reached skill level 12 in Stealth
  8515 | D:7      | Learned a level 2 spell: Passwall
  8688 | D:8      | Noticed a two-headed ogre
  8760 | D:8      | Killed a two-headed ogre
  8798 | D:8      | Reached ** piety under Hepliaklqana
  8934 | D:8      | Reached XP level 10. HP: 41/41 MP: 22/22
  9020 | D:8      | Reached skill level 1 in Conjurations
  9616 | D:9      | Learned a level 1 spell: Sandblast
  9620 | D:9      | Learned a level 3 spell: Stone Arrow
  9652 | D:9      | Reached *** piety under Hepliaklqana
  9655 | D:9      | Remembered your ancestor Yayatum as a hexer
  9796 | D:9      | Reached skill level 13 in Stealth
  9824 | D:9      | Found a blossoming altar of Fedhas.
  9933 | D:9      | HP: 2/42 [orc warrior/+0 glaive (7)]
  9946 | D:9      | Noticed a two-headed ogre
 10114 | D:9      | Killed a two-headed ogre
 10409 | D:10     | Entered Level 10 of the Dungeon
 10409 | D:10     | Found Roczoiso's Magic Scroll Shop.
 10409 | D:10     | Noticed Urug
 10409 | D:10     | Noticed Erica
 10411 | D:10     | Killed Erica
 10411 | D:10     | Reached skill level 14 in Stealth
 10454 | D:10     | Killed Urug
 10454 | D:10     | Reached XP level 11. HP: 26/46 MP: 16/25
 10556 | D:10     | Noticed Grum
 10577 | D:10     | Killed Grum
 10733 | D:10     | Noticed Erolcha
 10806 | D:10     | Killed Erolcha
 11023 | D:10     | Found a staircase to the Lair.
 11042 | Lair:1   | Entered Level 1 of the Lair of Beasts
 11199 | Lair:1   | Reached skill level 15 in Stealth
 11253 | Lair:1   | Learned a level 3 spell: Conjure Flame
 11256 | Lair:1   | Learned a level 2 spell: Poisonous Vapours
 11260 | Lair:1   | Learned a level 3 spell: Mephitic Cloud
 11348 | Lair:1   | Found a frozen archway.
 11362 | IceCv    | Entered an ice cave
 11362 | IceCv    | Noticed a white ugly thing
 11363 | IceCv    | Found a transporter.
 11393 | IceCv    | Noticed a white ugly thing
 11394 | IceCv    | Found a transporter.
 11396 | IceCv    | Killed a white ugly thing
 11405 | IceCv    | Killed from afar by an ice statue

Skill      XL: |  1  2  3  4  5  6  7  8  9 10 11 |
---------------+----------------------------------+-----
Hexes          | 4 5 6 7 8 |  8.4
Stealth        | 5 6 7 9 10 11 12 14 15 | 15.4
Short Blades   | 2 3 4 5 6 7 |  7.7
Spellcasting   | 3 4 5 7 9 |  9.9
Ice Magic      | 1 2 3 |  3.8
Dodging        | 5 7 9 |  9.2
Fighting       | 1 2 3 |  3.4
Evocations     | 1 2 3 4 |  4.2
Conjurations   | 1 |  1.6
Earth Magic    | |  0.8
Poison Magic   | |  0.2

Action                   |  1- 3 |  4- 6 |  7- 9 | 10-12 || total
-------------------------+-------+-------+-------+-------++-------
Melee: Dagger            |   112 |   215 |   534 |       ||   861
       Rapier            |       |       |    30 |       ||    30
       Short sword       |       |       |    33 |   317 ||   350
 Cast: Corona            |     8 |     2 |     1 |       ||    11
       Ensorcelled Hiber |     3 |    30 |    52 |    31 ||   116
       Confuse           |       |     5 |    20 |    16 ||    41
       Tukima's Dance    |       |     1 |     1 |       ||     2
       Dazzling Spray    |       |     3 |    21 |    21 ||    45
       Passwall          |       |       |     2 |       ||     2
       Sandblast         |       |       |       |    10 ||    10
       Stone Arrow       |       |       |       |     3 ||     3
       Poisonous Vapours |       |       |       |     1 ||     1
Invok: Recall Ancestor   |       |       |     5 |     5 ||    10
       Ancestor Life: He |       |       |       |     1 ||     1
Evoke: Wand              |       |       |    23 |    51 ||    74
  Use: Potion            |     1 |     1 |     2 |     3 ||     7
       Scroll            |       |     8 |    10 |     6 ||    24
 Stab: Sleeping          |    13 |    42 |    42 |    39 ||   136
       Confused          |       |     2 |     5 |    11 ||    18
       Distracted        |       |     1 |     2 |     8 ||    11
       Invisible         |       |       |     3 |     3 ||     6
  Eat: Ration            |       |     1 |     7 |     2 ||    10
Armor: Robe              |    10 |    29 |    48 |    31 ||   118
Dodge: Dodged            |    82 |   161 |   457 |   257 ||   957
